 Dungeon Crawl Stone Soup version 0.23.2 (webtiles) character file.

Game seed: 9888244659011828206

802 Peloso the Covered (level 7, 0/61 HPs)
             Began as a Minotaur Fighter on Apr 13, 2019.
             Splashed by a jelly's acid (4 damage)
             ... on level 5 of the Dungeon.
             The game lasted 00:07:15 (4214 turns).

Peloso the Covered (Minotaur Fighter)               Turns: 4214, Time: 00:07:16

Health: 0/61       AC:  0    Str: 21    XL:     7   Next: 59%
Magic:  6/6        EV:  8    Int:  5    God:
Gold:   311        SH:  9    Dex:  9    Spells: 6/6 levels left

rFire    . . .     SeeInvis .   a - +0 long sword
rCold    . . .     Gourm    +   c - +0 shield
rNeg     . . .     Faith    .   b - +0 scale mail
rPois    .         Spirit   .   (helmet restricted)
rElec    .         Reflect  .   (no cloak)
rCorr    .         Harm     .   (no gloves)
MR       .....                  h - +1 pair of boots
Stlth    ..........             s - amulet of the gourmand
HPRegen  0.20/turn              t - -2 ring of protection (curse)
MPRegen  0.10/turn              d - -2 ring of dexterity (curse)

@: corroded, studying Necromancy
A: retaliatory headbutt, horns 2
a: no special abilities


You were on level 5 of the Dungeon.
You were not hungry.

You visited 1 branch of the dungeon, and saw 5 of its levels.

You collected 311 gold pieces.

Inventory:

Hand Weapons
 a - a +0 long sword (weapon)
 x - a +4 hand axe of flaming
Missiles
 l - 77 bolts
Armour
 b - a +0 scale mail (worn)
 c - a +0 shield (worn)
 h - a +1 pair of boots (worn)
Jewellery
 d - a cursed -2 ring of dexterity (right hand)
 j - an uncursed ring of see invisible
 p - an uncursed amulet of faith
 s - an amulet of the gourmand (around neck)
 t - a cursed -2 ring of protection (left hand)
Scrolls
 k - a scroll of amnesia {unknown}
 o - 2 scrolls of remove curse {unknown}
 v - 2 scrolls of teleportation {unknown}
 w - a scroll of enchant armour {unknown}
 y - a scroll of enchant weapon {unknown}
Potions
 g - 3 potions of haste
 i - 3 potions of curing
 m - a potion of flight
 n - a potion of magic
 q - a potion of ambrosia
 r - 3 potions of degeneration {unknown}
 u - a potion of heal wounds {unknown}
 z - a potion of lignification {unknown}
 A - a potion of mutation {unknown}
 B - a potion of resistance {unknown}
Books
 e - a manual of Necromancy
Comestibles
 f - 8 rations


   Skills:
 + Level 5.5 Fighting
 + Level 6.4 Long Blades
 + Level 6.5 Armour
 + Level 2.2 Dodging
 + Level 0.3 Stealth
 + Level 5.1 Shields


You had 6 spell levels left.
You didn't know any spells.
Your spell library contained the following spells:

 Spells                   Type           Power        Failure   Level  Hunger
 Apportation              Tloc           #.....       99%         1    ##.....
 Infusion                 Chrm           #...         99%         1    ##.....
 Blink                    Tloc           N/A          100%        2    ###....
 Regeneration             Chrm/Necr      #.........   100%        3    ####...
 Excruciating Wounds      Chrm/Necr      #.........   100%        5    ######.
 Disjunction              Tloc           #.........   100%        8    #######


Dungeon Overview and Level Annotations

Branches:
Dungeon (5/15)
 Temple: D:4-7

Altars:
The Shining One

Annotations:
D:5 Grinder


Innate Abilities, Weirdness & Mutations

You reflexively headbutt those who attack you in melee.
You have a pair of horns on your head.


Message History

Grinder blinks!
You hit the jelly.
Your hands burn!
The jelly is lightly wounded.
The jelly hits you. The acid corrodes you!
You are splashed with acid!
You hit the jelly. The acid corrodes you!
Your hands burn!
The jelly is heavily wounded.
The jelly barely misses you.
You hit the jelly but do no damage.
Your hands burn!
The jelly is heavily wounded.
You block the jelly's attack. The jelly hits you.
* * * LOW HITPOINT WARNING * * *
You are splashed with acid!
* * * LOW HITPOINT WARNING * * *
You hit the jelly.
Your hands burn!
* * * LOW HITPOINT WARNING * * *
You headbutt the jelly.
The jelly is almost dead.
You block the jelly's attack.
You hit the jelly but do no damage.
Your hands burn!
You die...

#.......# #.# #.# #.#
####....# #.###.#
#.## #.#### #.....#
#... #.########.###
###. #.......##.## #.
#..####.#...#### #.
#..##..........# #.
#.....#..#####.###.
##@##.#..# #.....
#J##....# #.####
#5......# #.#
#........###..#####.#
.........#
#........####
.....##..#
###.†.#####.. .....
#.)# #...# #.# ...#
#..# #...# #.# ...
...# #.(.# #.#


You could see Grinder and a jelly.

Vanquished Creatures
  Menkaure (D:5)
  An ice beast (D:5)
  2 ogres (D:4)
  Blork the orc (D:5)
  A crimson imp (D:5)
  3 orc priests
  An orc wizard (D:4)
  2 worker ants (D:5)
  A hound zombie (D:5)
  5 adders
  An ooze (D:2)
  5 worms
  4 dart slugs
  2 leopard geckos
  8 orcs
  5 giant cockroaches
  4 hobgoblins
  2 jackals (D:1)
  6 kobolds
  A ball python (D:2)
  7 bats
  3 frilled lizards
  5 goblins
  9 rats
80 creatures vanquished.

Notes
Turn   | Place    | Note
-------+----------+-------------------------------------------
     0 | D:1      | Peloso the Minotaur Fighter began the quest for the Orb.
     0 | D:1      | Reached XP level 1. HP: 19/19 MP: 0/0
    54 | D:1      | Reached XP level 2. HP: 26/27 MP: 1/1
   439 | D:1      | Reached XP level 3. HP: 31/33 MP: 2/2
  1157 | D:2      | Reached XP level 4. HP: 38/40 MP: 3/3
  1158 | D:2      | Found a glowing golden altar of the Shining One.
  1361 | D:2      | Found a faded altar of an unknown god.
  1673 | D:4      | Noticed an ogre
  1683 | D:4      | Killed an ogre
  1683 | D:4      | Reached skill level 5 in Armour
  1683 | D:4      | Reached XP level 5. HP: 26/47 MP: 4/4
  2188 | D:3      | Reached skill level 1 in Dodging
  2594 | D:5      | Entered Level 5 of the Dungeon
  2605 | D:5      | Noticed Blork the orc
  2618 | D:5      | Killed Blork the orc
  2618 | D:5      | Reached skill level 5 in Long Blades
  2618 | D:5      | Reached XP level 6. HP: 8/55 MP: 5/5
  2949 | D:4      | Identified Hyebecod's Volume of Good Luck and Orientation
  3087 | D:4      | Reached skill level 5 in Fighting
  3610 | D:5      | Noticed an ice beast
  3627 | D:5      | Killed an ice beast
  3627 | D:5      | Reached XP level 7. HP: 37/61 MP: 6/6
  4089 | D:5      | Noticed Menkaure
  4098 | D:5      | Killed Menkaure
  4098 | D:5      | Reached skill level 5 in Shields
  4199 | D:5      | Noticed Grinder
  4214 | D:5      | Splashed by a jelly's acid

Skill      XL: |  1  2  3  4  5  6  7 |
---------------+----------------------+-----
Fighting       | 4 5 |  5.5
Shields        | 4 5 |  5.1
Armour         | 4 5 6 |  6.5
Long Blades    | 3 4 5 6 |  6.4
Dodging        | 1 2 |  2.2
Stealth        | |  0.3

Action                   |  1- 3 |  4- 6 |  7- 9 || total
-------------------------+-------+-------+-------++-------
Melee: Long sword        |    84 |   110 |    51 ||   245
       Headbutt          |    12 |    23 |     7 ||    42
  Use: Potion            |       |     1 |       ||     1
       Scroll            |       |     5 |       ||     5
  Eat: Chunk             |       |    14 |       ||    14
Armor: Scale mail        |    49 |    31 |    10 ||    90
Dodge: Dodged            |    34 |    31 |    15 ||    80
Block: Shield            |    36 |    41 |    25 ||   102
       Rpst.: Long sword |     9 |     9 |     5 ||    23
